 Dungeon Sprint DCSS version 0.31-a0-210-gccc998df9b (webtiles) character file.

Game seed: 8441009307966777759

44 Hubris850 the Trooper (level 3, -7/27 HPs)
             Began as a Gargoyle Fighter on June 29, 2023.
             Was an Initiate of Makhleb.
             Mangled by a yaktaur captain (19 damage)
             ... in the Dungeon (Sprint V: "Ziggurat Sprint").
             The game lasted 00:02:04 (80 turns).

Hubris850 the Trooper (Gargoyle Fighter)              Turns: 80, Time: 00:02:06

Health: -7/27      AC: 23    Str: 21    XL:     3   Next: 62%
Magic:  3/3        EV:  3    Int:  8    God:    Makhleb [......]
Gold:   0          SH:  8    Dex:  9    Spells: 2/2 levels left

rFire   + . .        H - +11 Screaming Sword {sonic wave}
rCold   + . .        s - +3 buckler
rNeg    + . .        v - +5 gold dragon scales
rPois   ∞            (no helmet)
rElec   +            (no cloak)
rCorr   .            (no gloves)
SInv    .            (no boots)
Will    .....        (no amulet) Stlth
                     (no ring)
HPRegen 0.24/turn    (no ring)
MPRegen 0.08/turn

%: no teleportation
@: marked, invisible
A: sickness immunity, AC +3, negative energy resistance 1, electricity
resistance, torment resistance 1, petrification resistance
a: Renounce Religion


You were in the Dungeon.
You worshipped Makhleb.
Makhleb was noncommittal.
You visited 1 branch

Inventory:

Hand Weapons
 a - a +0 long sword
 H - the +11 Screaming Sword (weapon) {sonic wave}
   (You found it in the Dungeon)
 I - the +8 lance "Wyrmbane" {slay drac, rPois rF+ rC+ AC+3}
   (You found it in the Dungeon)

   AC:        It affects your AC (+3).
   rF:        It protects you from fire.
   rC:        It protects you from cold.
   rPois:     It protects you from poison.
 J - the +9 sword of Power {lifebolt}
   (You found it in the Dungeon)
Armour
 b - a +0 scale mail
 c - a +0 buckler
 s - a +3 buckler (worn)
 t - a +3 kite shield
 u - a +3 tower shield
 v - +5 gold dragon scales (worn)
 G - the +18 shield of the Gong {Loud rN+ Will+ rCorr EV-5}
   (You found it in the Dungeon)

   Loud:      It is deafeningly noisy when blocking attacks.
   EV:        It affects your evasion (-5).
   rN:        It protects you from negative energy.
   rCorr:     It protects you from acid and corrosion.
   Will:      It increases your willpower.
Jewellery
 n - a ring of positive energy
 z - a ring of flight
 A - a +6 ring of dexterity
 B - a +6 ring of dexterity
 C - a +6 ring of intelligence
 D - a +6 ring of intelligence
 E - a +6 ring of strength
 F - a +6 ring of strength
Wands
 w - a wand of mindburst (7)
 x - a wand of iceblast (18)
 y - a wand of quicksilver (7)
Scrolls
 j - 4 scrolls of blinking
 o - 4 scrolls of amnesia
 p - 7 scrolls of fog
 q - 5 scrolls of identify
 r - 2 scrolls of fear
Potions
 d - 6 potions of might
 e - 10 potions of curing
 f - 8 potions of heal wounds
 g - 6 potions of haste
 h - 7 potions of magic
 i - 3 potions of berserk rage
 k - 2 potions of brilliance
 l - a potion of invisibility
 m - 4 potions of resistance


   Skills:
 + Level 5.8 Fighting
 + Level 4.3 Long Blades
 + Level 5.8 Armour
 + Level 5.8 Shields


You had 2 spell levels left.
You didn't know any spells.
Your spell library was empty.

Dungeon Overview and Level Annotations

Branches:
Dungeon (1/1)

Altars:
Ashenzari
Cheibriados
Dithmenos
Elyvilon
Fedhas
Gozag
Hepliaklqana
Kikubaaqudgha
Makhleb
Nemelex Xobeh
Okawaru
Qazlal
Ru
Sif Muna
Trog
Uskayaw
Vehumet
Wu Jian
Xom
Yredelemnul
Zin
The Shining One
Jiyva
Lugonu

Annotations:
D 1 transporter


Innate Abilities, Weirdness & Mutations

You are immune to sickness and miasma.
Your stone body is resilient. (AC +3)
You are immune to poison.
You resist negative energy. (rN+)
You are resistant to electric shocks. (rElec)
You are resistant to unholy torment.
You are immune to petrification.


Message History

The ufetubus hits you but does no damage. x3
Your Long Blades skill increases to level 4!
You have reached level 3!
Your experience leads to an increase in your attributes!
Increase (S)trength, (I)ntelligence, or (D)exterity?
You feel stronger. x2
You slash the ufetubus!
You kill the ufetubus!
Makhleb accepts your kill.
n - a ring of positive energy You see here an orb of guile.
There is a transporter here.
Welcome to arena 2.
You enter the transporter and appear at another place.
A yaktaur captain, a boulder beetle and a vault sentinel come into view.
The vault sentinel shouts!
The vault sentinel blows a loud note on a signal horn!
The yaktaur captain wields a +0 arbalest.
The yaktaur captain shoots a bolt.
The bolt hits you!
Ouch! That really hurt!
Found three items.
Found a transporter.
You fade into invisibility!
The vault sentinel unwields a +0 morningstar.
The vault sentinel wields a +0 arbalest.
The vault sentinel shoots a bolt.
The bolt hits you but does no damage.
You feel much better.
The yaktaur captain shoots a bolt.
The bolt hits you.
The vault sentinel gestures at you while chanting.
A sentinel's mark forms upon you.
The yaktaur captain shoots a bolt.
The bolt hits you!!
Ouch! That really hurt!
* * * LOW HITPOINT WARNING * * *
You feel much better.
The yaktaur captain shoots a bolt.
The bolt hits you!
The yaktaur captain shoots a bolt.
You block the bolt. The boulder beetle bites you.
The vault sentinel gestures at you while chanting.
The mark upon you grows brighter.
The yaktaur captain unwields a +0 arbalest.
The yaktaur captain hits you!!
Ouch! That really hurt!
You die...

▓▓▓▓▓▓▓▓▓▓▓▓▓
▓.8©8.▓.8©8.▓
▓.[/).▓.....▓
▓.cBp.▓...[.▓
▓..@..▓.....▓
▓.....▓.....▓
▓.....▓..©..▓
▓..©..▓▓▓▓▓▓▓
▓▓▓▓▓▓▓


You could see a yaktaur captain (unable to see you), a boulder beetle (unable to
see you) and a vault sentinel.

Vanquished Creatures
  A crimson imp (D)
  An ufetubus (D)
2 creatures vanquished.

Notes
Turn   | Place    | Note
-------+----------+-------------------------------------------
     0 | D        | Hubris850 the Gargoyle Fighter began the quest for the Orb.
     0 | D        | Reached XP level 1. HP: 14/14 MP: 1/1
     0 | D        | Found a shimmering blue altar of Sif Muna.
     0 | D        | Found a sacrificial altar of Ru.
     0 | D        | Found a bloodstained altar of Trog.
     0 | D        | Found a stormy altar of Qazlal.
     0 | D        | Found an iron altar of Okawaru.
     0 | D        | Found a sparkling altar of Nemelex Xobeh.
     0 | D        | Found a blossoming altar of Fedhas.
     0 | D        | Found the +6 Majin-Bo {spellvamp, MP+6 Int+6}
     0 | D        | Found the +27 heavy crossbow "Sniper" {heavy, Acc+∞ SInv}
     0 | D        | Found the +10 dark maul {heavy}
     0 | D        | Found the +15 Maxwell's patent armour {-Cast -Tele rElec
                  | Will+ rCorr}
     0 | D        | Found the +18 shield of the Gong {Loud rN+ Will+ rCorr
                  | EV-5}
     0 | D        | Found the +16 obsidian axe {drain, demonic, Mesm Drain Fly
                  | SInv}
     0 | D        | Found the +7 great mace "Firestarter" {flame, immolate,
                  | rFlCloud rF++}
     0 | D        | Found the +6 shillelagh "Devastator" {shatter}
     0 | D        | Found the +11 plutonium sword {Contam Stlth-}
     0 | D        | Found the +8 lance "Wyrmbane" {slay drac, rPois rF+ rC+
                  | AC+3}
     0 | D        | Found the +9 sword of Zonguldrok {reap}
     0 | D        | Found the +13 scythe of Curses {drain, curses, Drain}
     0 | D        | Found the +9 sword of Power {lifebolt}
     0 | D        | Found the +7 mace of Variability {chaos, chaos arc}
     0 | D        | Found the +11 Singing Sword {sonic wave}
     0 | D        | Found the +8 storm bow {elec, penet}
     2 | D        | Found a transporter.
     2 | D        | Found an ancient bone altar of Kikubaaqudgha.
     2 | D        | Found a viscous altar of Jiyva.
     2 | D        | Found a corrupted altar of Lugonu.
     2 | D        | Found a hazy altar of Hepliaklqana.
     2 | D        | Found a burning altar of Makhleb.
     2 | D        | Found an opulent altar of Gozag.
     4 | D        | Banished a spatial maelstrom
    55 | D        | Became a worshipper of Makhleb the Destroyer
    62 | D        | Reached skill level 5 in Fighting
    62 | D        | Reached skill level 5 in Armour
    62 | D        | Reached skill level 5 in Shields
    62 | D        | Reached XP level 2. HP: 21/21 MP: 2/2
    63 | D        | Entered arena 2.
    63 | D        | Noticed a crimson imp
    63 | D        | Found a transporter.
    65 | D        | Killed a crimson imp
    66 | D        | Reached XP level 3. HP: 27/27 MP: 3/3
    74 | D        | Entered arena 3.
    74 | D        | Noticed a yaktaur captain
    74 | D        | Noticed a boulder beetle
    74 | D        | Noticed a vault sentinel
    74 | D        | Found a transporter.
    80 | D        | Mangled by a yaktaur captain

Illustrated notes

Levels and vault maps discovered:
D:        sprint_v [room_start, room_1, room_2, room_3, room_4, room_5, room_6,
          room_7, room_8, room_9, room_10, room_11, room_12, room_13, room_14,
          room_15, room_16, room_17, room_18, room_19, room_20, room_21,
          room_22, room_23, room_24, room_25, room_26, room_27]

Skill      XL: |  1  2 |
---------------+-------+-----
Fighting       | 5 |  5.8
Long Blades    | 3 4 |  4.3
Armour         | 5 |  5.8
Shields        | 5 |  5.8

Action                     || total
---------------------------++-------
  Melee: Double sword      ||     2
    Use: Potion            ||     4
 Armour: Gold dragon scale ||     9
  Block: Buckler           ||     2

Table legend: (Time is in decaauts)
 A = Elapsed time spent in this place.
 B = Non-inter-level travel time spent in this place.
 C = Inter-level travel time spent in this place.
 D = Time resting spent in this place.
 E = Time spent auto-exploring this place.
 F = Levels seen in this place.
 G = Mean time per level.
                   A        B        C        D        E       F      G
               +--------+--------+--------+--------+--------+-----+--------+
         Total |     80 |     80 |      0 |      0 |      0 |   1 |   80.0 |
       Dungeon |     80 |     80 |      0 |      0 |      0 |   1 |   80.0 |
               +--------+--------+--------+--------+--------+-----+--------+

Top non-repeatable levels by time:
       D: 80 daAuts
